 Dungeon Crawl Stone Soup version 0.20.1-1-g8b1a95d (webtiles) character file.

521 ChromeMolly the Sneak (level 7, -3/46 HPs)
             Began as an Octopode Fighter on Dec 27, 2017.
             Was an Initiate of Gozag.
             Slain by a gnoll
             ... wielding a +0 whip
              (5 damage)
             ... on level 4 of the Dungeon.
             The game lasted 00:41:22 (4589 turns).

ChromeMolly the Sneak (Octopode Fighter)            Turns: 4589, Time: 00:41:23

Health: -3/46      AC:  1    Str: 20    XL:     7   Next: 21%
Magic:  10/10      EV: 14    Int: 11    God:    Gozag
Gold:   824        SH:  6    Dex: 13    Spells: 10/10 levels left

rFire    . . .     SeeInvis .   a - +2 war axe
rCold    . . .     Gourm    .   q - +1 buckler
rNeg     . . .     Faith    .   (helmet restricted)
rPois    .         Spirit   .   (no amulet)
rElec    .         Reflect  .   (no ring)
rCorr    .         Harm     .   (no ring)
MR       .....                  (no ring)
Stlth    ++++......             (no ring)
Regen    0.2/turn               (no ring)
MPRegen  0.2/turn               (no ring)
                                (no ring)
                                (no ring)

@: mighty, gold aura
A: almost no armour, stealthy swim, amphibious, 8 rings, constrict 8, camouflage
1, gelatinous body 1
a: Potion Petition, Call Merchant, Bribe Branch, Renounce Religion


You were on level 4 of the Dungeon.
You worshipped Gozag.
Gozag was pleased with you.
You were not hungry.

You visited 1 branch of the dungeon, and saw 4 of its levels.
You also visited: Sewer.

You collected 854 gold pieces.
You paid 30 gold pieces to Gozag.

Inventory:

Hand Weapons
 a - a +2 war axe (weapon)
 e - a +2 dagger of electrocution
 v - a +1 blowgun
Missiles
 i - 149 stones (quivered)
 t - 3 tomahawks
 w - 24 poisoned needles
Armour
 b - a +0 shield
 q - a +1 buckler (worn)
Jewellery
 l - an uncursed amulet of faith
Scrolls
 h - 3 scrolls of recharging
 o - 2 scrolls of remove curse
 p - 6 scrolls of teleportation
Potions
 c - a potion of might
 f - a potion of heal wounds
 g - a potion of lignification
 j - 2 potions of mutation
 n - 2 potions of curing
 r - 2 potions of flight
 s - a potion of invisibility {unknown}
 u - a potion of brilliance {unknown}
Comestibles
 d - a bread ration
 k - 2 meat rations
 m - 3 fruits


   Skills:
 + Level 3.6 Fighting
 * Level 2.6 Short Blades
 + Level 3.2 Axes
 + Level 1.3 Throwing
 + Level 3.7 Dodging
 * Level 5.1 Stealth
 + Level 3.4 Shields
 * Level 2.2 Spellcasting


You had 10 spell levels left.
You didn't know any spells.

Dungeon Overview and Level Annotations

Branches:
Dungeon (4/15)
 Temple: D:4-7

Altars:
Gozag
Nemelex Xobeh
Ru
Xom
Zin


Innate Abilities, Weirdness & Mutations

You cannot wear most types of armour.
You are very stealthy in the water. (Stealth+)
You are amphibious.
You can wear up to eight rings at the same time.
You can use your tentacles to constrict eight enemies at once.
Your skin changes colour to match your surroundings (Stealth+).
Your rubbery body absorbs attacks. (AC +1, EV +1)


Message History

The gnoll hits you from afar with a halberd!
* * * LOW HITPOINT WARNING * * *
You feel much better. The gnoll closely misses you. x2
The gnoll hits you from afar with a spear.
The gnoll shaman barely misses you. The gnoll completely misses you.
You block the gnoll's attack. You block the gnoll's attack.
The gnoll shaman misses you.
You see here 7 gold pieces.
You closely miss the gnoll. Your grab misses the gnoll. You slash the gnoll!
You hit the gnoll shaman. You barely miss the gnoll.
The gnoll is distracted by the nearby gold.
The gnoll misses you. You block the gnoll's attack.
The gnoll hits you with a halberd!
The gnoll hits you from afar with a spear.
* * * LOW HITPOINT WARNING * * *
The gnoll shaman hits you with a club!
* * * LOW HITPOINT WARNING * * *
The gnoll hits you with a whip.
You die...
Your body crumbles into a pile of gold.

#)).#### #)#....#
#.####.## ## . ..#
#..### ..$ ..
.#####....## .# ...
.....##....#### .# ....
......#.......###.#...
.......#..###.##g..#
.....<.#..###.##@g.#
.......#.......gg..#
.......##.###.#.gg.....
.......##.###........#..
.......##....###.##...[
..........##. #.# ..###
.....#....##. #.. .#
######....... .... .. ##
.....## ###


You could see a gnoll shaman and 5 gnolls.

Vanquished Creatures
  2 ogres (D:4)
  A centaur skeleton (D:4)
  An orc priest (D:3)
  An orc wizard (D:4)
  A howler monkey skeleton (D:4)
  2 river rats (D:3)
  4 adders (D:2)
  5 oozes (Sewer)
  6 worms
  4 dart slugs
  4 leopard geckos
  13 orcs
  17 bats
  4 giant cockroaches
  15 goblins
  10 hobgoblins
  15 jackals
  9 kobolds
  2 quokkas
  7 ball pythons
  9 frilled lizards
  12 rats
144 creatures vanquished.

Notes
Turn   | Place    | Note
-------+----------+-------------------------------------------
     0 | D:1      | ChromeMolly the Octopode Fighter began the quest for the Orb.
     0 | D:1      | Reached XP level 1. HP: 16/16 MP: 1/1
   136 | D:1      | Reached skill level 1 in Stealth
   140 | D:1      | Reached XP level 2. HP: 18/21 MP: 2/2
   648 | D:1      | Reached XP level 3. HP: 24/26 MP: 3/3
  1217 | D:2      | Reached skill level 2 in Stealth
  1264 | D:2      | Reached XP level 4. HP: 25/31 MP: 5/5
  1465 | D:2      | Reached skill level 1 in Short Blades
  1521 | D:2      | Found an opulent altar of Gozag.
  1526 | D:2      | Became a worshipper of Gozag Ym Sagoz the Greedy
  2016 | D:2      | Reached skill level 3 in Stealth
  2224 | D:2      | Reached skill level 1 in Spellcasting
  2446 | D:2      | Reached XP level 5. HP: 27/36 MP: 6/6
  2693 | D:3      | Found a glowing drain.
  2698 | D:3      | Reached skill level 4 in Stealth
  2704 | Sewer    | Entered a sewer
  3642 | D:3      | Found a glowing silver altar of Zin.
  3642 | D:3      | Noticed an angel
  3728 | D:3      | Reached XP level 6. HP: 42/42 MP: 8/8
  4154 | D:3      | Found a sparkling altar of Nemelex Xobeh.
  4156 | D:3      | Found a shimmering altar of Xom.
  4174 | D:3      | Found a sacrificial altar of Ru.
  4423 | D:4      | Reached skill level 1 in Throwing
  4427 | D:4      | Reached skill level 5 in Stealth
  4443 | D:4      | Reached XP level 7. HP: 30/46 MP: 10/10
  4584 | D:4      | HP: 1/46 [centaur skeleton (6)]
  4589 | D:4      | HP: 2/46 [gnoll shaman/club (10)]
  4589 | D:4      | Slain by a gnoll

Skill      XL: |  1  2  3  4  5  6 |
---------------+-------------------+-----
Stealth        | 1 2 3 4 5 |  5.1
Short Blades   | 1 2 |  2.6
Spellcasting   | 1 2 |  2.2
Throwing       | 1 |  1.3
Axes           | 3 |  3.2
Fighting       | |  3.6
Dodging        | |  3.7
Shields        | |  3.4

Action                   |  1- 3 |  4- 6 |  7- 9 || total
-------------------------+-------+-------+-------++-------
Melee: War axe           |    26 |    65 |     3 ||    94
       Dagger            |    43 |   102 |       ||   145
       Constrict         |    21 |    47 |       ||    68
       Tentacles         |    13 |    34 |     1 ||    48
 Fire: Blowgun           |       |     8 |       ||     8
Throw: Stone             |    12 |    13 |       ||    25
  Use: Scroll            |     4 |    11 |       ||    15
       Potion            |       |     1 |     3 ||     4
 Stab: Sleeping          |    12 |    22 |       ||    34
       Distracted        |       |     2 |       ||     2
  Eat: Chunk             |     1 |     1 |       ||     2
       Bread ration      |       |     1 |       ||     1
       Royal jelly       |       |     1 |       ||     1
       Meat ration       |       |     1 |       ||     1
Armor: Skin              |     8 |     2 |     2 ||    12
Dodge: Dodged            |    30 |    63 |    15 ||   108
Block: Shield            |    22 |    48 |       ||    70
       Buckler           |       |     4 |     9 ||    13
